TOP OF THE 1ST |
Sun Prairie Swallows batting - Pitching for Myrtle Beach Mermen : RHP Steve Sanders
|
Pitching: RHP Steve Sanders
|
|
Batting: RHB António Domínguez
|
0-0: Ball 1-0: Called Strike 1-1: Ground out 3-1 (Groundball, 34)
|
Batting: RHB Dan Bernard
|
0-0: Ball 1-0: Fly out, F8 (Flyball, 8LM)
|
Batting: RHB Barry Welch
|
0-0: Foul Ball, location: 2F 0-1: Ground out 6-3 (Groundball, 6)
|
Top of the 1st over - 0 run(s), 0 hit(s), 0 error(s), 0 left on base; Sun Prairie 0 - Myrtle Beach 0 |
BOTTOM OF THE 1ST |
Myrtle Beach Mermen batting - Pitching for Sun Prairie Swallows : LHP Brandon Booth
|
Pitching: LHP Brandon Booth
|
|
Batting: RHB Scott Peterson
|
0-0: Ground out 4-3 (Groundball, 4)
|
Batting: LHB Eddie Flynn
|
0-0: Called Strike 0-1: Ground out 4-3 (Groundball, 34)
|
Batting: RHB António Ruíz
|
0-0: Ball 1-0: DOUBLE (Line Drive, 8RM)
|
Batting: LHB Yannick Hendriksen
|
0-0: Called Strike 0-1: Foul Ball, location: 2F 0-2: Foul Ball, location: 2F 0-2: Ground out 6-3 (Groundball, 6)
|
Bottom of the 1st over - 0 run(s), 1 hit(s), 0 error(s), 1 left on base; Sun Prairie 0 - Myrtle Beach 0 |
TOP OF THE 2ND |
Sun Prairie Swallows batting - Pitching for Myrtle Beach Mermen : RHP Steve Sanders
|
Batting: RHB Millard Lewis
|
0-0: Foul Ball, location: 2F 0-1: Swinging Strike 0-2: Ball 1-2: Foul Ball, location: 2F 1-2: Strikes out swinging
|
Batting: LHB Javier Hernández
|
0-0: Ground out 5-3 (Groundball, 56)
|
Batting: RHB Dani Espinosa
|
0-0: Called Strike 0-1: Called Strike 0-2: Strikes out swinging
|
Top of the 2nd over - 0 run(s), 0 hit(s), 0 error(s), 0 left on base; Sun Prairie 0 - Myrtle Beach 0 |
BOTTOM OF THE 2ND |
Myrtle Beach Mermen batting - Pitching for Sun Prairie Swallows : LHP Brandon Booth
|
Batting: RHB José Caballero
|
0-0: Ball 1-0: Ball 2-0: Ball 3-0: Called Strike 3-1: Fly out, F8 (Flyball, 8LM)
|
Batting: RHB Matt Love
|
0-0: Ball 1-0: SOLO HOME RUN (Flyball, 8LXD) (Inside the Park)
|
Batting: SHB Val Brown
|
0-0: Swinging Strike 0-1: Foul Ball, location: 2F 0-2: Ball 1-2: Ball 2-2: Ball 3-2: Base on Balls
|
Batting: RHB Pil-joong Pak
|
0-0: Fly out, F8 (Flyball, 8LM)
|
Batting: RHB Brian Soto
|
0-0: Ball 1-0: Called Strike 1-1: Ball 2-1: Ball 3-1: Base on Balls Val Brown to second
|
Batting: RHB Scott Peterson
|
0-0: Ball 1-0: Ball 2-0: Ball 3-0: Called Strike 3-1: Base on Balls Val Brown to third Brian Soto to second
|
Batting: LHB Eddie Flynn
|
0-0: Fielders Choice at 2nd, U6 (Groundball, 6M)
|
Bottom of the 2nd over - 1 run(s), 1 hit(s), 0 error(s), 3 left on base; Sun Prairie 0 - Myrtle Beach 1 |
TOP OF THE 3RD |
Sun Prairie Swallows batting - Pitching for Myrtle Beach Mermen : RHP Steve Sanders
|
Batting: RHB Luis Dávila
|
0-0: Ball 1-0: Fly out, F7 (Flyball, 7M)
|
Batting: RHB Paco Rodríguez
|
0-0: SINGLE (Groundball, 4) (infield hit)
|
Batting: RHB Ernesto Fernández
|
0-0: Ball 1-0: Fly out, F7 (Flyball, 7LM)
|
Batting: RHB António Domínguez
|
0-0: Foul Ball, location: 2F 0-1: Ball 1-1: Ball 2-1: Ground out 4-3 (Groundball, 4)
|
Top of the 3rd over - 0 run(s), 1 hit(s), 0 error(s), 1 left on base; Sun Prairie 0 - Myrtle Beach 1 |
BOTTOM OF THE 3RD |
Myrtle Beach Mermen batting - Pitching for Sun Prairie Swallows : LHP Brandon Booth
|
Batting: RHB António Ruíz
|
0-0: Foul Ball, location: 2F 0-1: Ball 1-1: Ball 2-1: Foul Ball, location: 2F 2-2: Ground out 4-3 (Groundball, 4)
|
Batting: LHB Yannick Hendriksen
|
0-0: Ball 1-0: Called Strike 1-1: Foul Ball, location: 2F 1-2: Foul Ball, location: 2F 1-2: Ball 2-2: SINGLE (Flyball, 9S)
|
Batting: RHB José Caballero
|
0-0: Called Strike 0-1: Ball 1-1: Grounds into double play, 5-4-3 (Groundball, 5)
|
Bottom of the 3rd over - 0 run(s), 1 hit(s), 0 error(s), 0 left on base; Sun Prairie 0 - Myrtle Beach 1 |
TOP OF THE 4TH |
Sun Prairie Swallows batting - Pitching for Myrtle Beach Mermen : RHP Steve Sanders
|
Batting: RHB Dan Bernard
|
0-0: Swinging Strike 0-1: Ball 1-1: Ball 2-1: Ball 3-1: Foul Ball, location: 2F 3-2: Base on Balls
|
Batting: RHB Barry Welch
|
0-0: Called Strike 0-1: Foul Ball, location: 2F 0-2: Ball 1-2: SINGLE (Groundball, 5L) Dan Bernard to second
|
Batting: RHB Millard Lewis
|
0-0: Ball 1-0: Called Strike 1-1: Ball 2-1: Fly out, F9 (Line Drive, 9M)
|
Batting: LHB Javier Hernández
|
0-0: Ball 1-0: Called Strike 1-1: Called Strike 1-2: Strikes out swinging
|
Batting: RHB Dani Espinosa
|
0-0: Fly out, F7 (Flyball, 7M)
|
Top of the 4th over - 0 run(s), 1 hit(s), 0 error(s), 2 left on base; Sun Prairie 0 - Myrtle Beach 1 |
BOTTOM OF THE 4TH |
Myrtle Beach Mermen batting - Pitching for Sun Prairie Swallows : LHP Brandon Booth
|
Batting: RHB Matt Love
|
0-0: Ball 1-0: Called Strike 1-1: Ball 2-1: Ball 3-1: Called Strike 3-2: Strikes out swinging passed ball, reaches first!
|
Batting: SHB Val Brown
|
0-0: Swinging Strike 0-1: Ball 1-1: Swinging Strike 1-2: Fly out, F3 (Popup, 3L)
|
Batting: RHB Pil-joong Pak
|
0-0: Ball 1-0: SINGLE (Line Drive, 56D) Matt Love to second
|
Batting: RHB Brian Soto
|
0-0: Called Strike 0-1: Called Strike 0-2: Strikes out swinging
|
Batting: RHB Scott Peterson
|
0-0: Ball 1-0: Ball 2-0: Ball 3-0: Base on Balls Matt Love to third Pil-joong Pak to second
|
Batting: LHB Eddie Flynn
|
0-0: Ball 1-0: Ball 2-0: Fly out, F8 (Flyball, 8RM)
|
Bottom of the 4th over - 0 run(s), 1 hit(s), 0 error(s), 3 left on base; Sun Prairie 0 - Myrtle Beach 1 |
TOP OF THE 5TH |
Sun Prairie Swallows batting - Pitching for Myrtle Beach Mermen : RHP Steve Sanders
|
Batting: RHB Luis Dávila
|
0-0: Ball 1-0: Called Strike 1-1: Ball 2-1: Foul Ball, location: 2F 2-2: Foul Ball, location: 2F 2-2: Foul Ball, location: 2F 2-2: Strikes out swinging
|
Batting: RHB Paco Rodríguez
|
0-0: Ball 1-0: SINGLE (Groundball, 56D)
|
Batting: RHB Ernesto Fernández
|
0-0: Ball 1-0: Swinging Strike 1-1: Fly out, F8 (Line Drive, 8LM)
|
Batting: RHB António Domínguez
|
0-0: Ball 1-0: Called Strike 1-1: Swinging Strike 1-2: Strikes out swinging
|
Top of the 5th over - 0 run(s), 1 hit(s), 0 error(s), 1 left on base; Sun Prairie 0 - Myrtle Beach 1 |
BOTTOM OF THE 5TH |
Myrtle Beach Mermen batting - Pitching for Sun Prairie Swallows : LHP Brandon Booth
|
Batting: RHB António Ruíz
|
0-0: Ball 1-0: Ball 2-0: Ball 3-0: Called Strike 3-1: Base on Balls
|
Batting: LHB Yannick Hendriksen
|
0-0: Called Strike 0-1: Fly out, F7 (Flyball, 7M)
|
Batting: RHB José Caballero
|
0-0: Called Strike 0-1: Foul Ball, location: 2F 0-2: Strikes out swinging
|
Batting: RHB Matt Love
|
0-0: Ball 1-0: Fielders Choice at 2nd, 5-4 (Groundball, 56)
|
Bottom of the 5th over - 0 run(s), 0 hit(s), 0 error(s), 0 left on base; Sun Prairie 0 - Myrtle Beach 1 |
TOP OF THE 6TH |
Sun Prairie Swallows batting - Pitching for Myrtle Beach Mermen : RHP Steve Sanders
|
Batting: RHB Dan Bernard
|
0-0: Ball 1-0: Ball 2-0: Ball 3-0: Base on Balls
|
Batting: RHB Barry Welch
|
0-0: Ball 1-0: Called Strike 1-1: Ball 2-1: Foul Ball, location: 2F 2-2: Ball 3-2: Fly out, F8 (Flyball, 78M) 3-2: Fly out, F8 (Flyball, 78M)
|
Batting: RHB Millard Lewis
|
0-0: Called Strike 0-1: Swinging Strike 0-2: Ball 1-2: Ball 2-2: Foul Ball, location: 2F 2-2: Foul Ball, location: 2F 2-2: Foul Ball, location: 2F 2-2: Foul Ball, location: 2F 2-2: Ball 3-2: Foul Ball, location: 2F 3-2: Fly out, F8 (Flyball, 78M)
|
Batting: LHB Javier Hernández
|
0-0: Fly out, F7 (Flyball, 78S)
|
Top of the 6th over - 0 run(s), 0 hit(s), 0 error(s), 1 left on base; Sun Prairie 0 - Myrtle Beach 1 |
BOTTOM OF THE 6TH |
Myrtle Beach Mermen batting - Pitching for Sun Prairie Swallows : LHP Brandon Booth
|
Batting: SHB Val Brown
|
0-0: Swinging Strike 0-1: Called Strike 0-2: Strikes out swinging
|
Batting: RHB Pil-joong Pak
|
0-0: Called Strike 0-1: Called Strike 0-2: Ball 1-2: Strikes out swinging
|
Batting: RHB Brian Soto
|
0-0: Called Strike 0-1: Ball 1-1: DOUBLE (Flyball, 78M)
|
Batting: RHB Scott Peterson
|
0-0: Ball 1-0: Ball 2-0: 2-RUN HOME RUN (Flyball, 7D), Distance : 362 ft
|
Batting: LHB Eddie Flynn
|
0-0: Called Strike 0-1: Ball 1-1: DOUBLE (Flyball, 8LM)
|
Batting: RHB António Ruíz
|
0-0: Ball 1-0: Fly out, F4 (Popup, 4M)
|
Bottom of the 6th over - 2 run(s), 3 hit(s), 0 error(s), 1 left on base; Sun Prairie 0 - Myrtle Beach 3 |
TOP OF THE 7TH |
Sun Prairie Swallows batting - Pitching for Myrtle Beach Mermen : RHP Steve Sanders
|
Batting: RHB Dani Espinosa
|
0-0: Ball 1-0: Ball 2-0: Called Strike 2-1: Foul Ball, location: 2F 2-2: Ball 3-2: Base on Balls
|
Batting: RHB Luis Dávila
|
0-0: Foul Ball, location: 2F 0-1: Fly out, F9 (Flyball, 89S)
|
Batting: RHB Paco Rodríguez
|
0-0: Ball 1-0: Ball 2-0: Fly out, F3 (Popup, 3)
|
Batting: RHB Ernesto Fernández
|
0-0: Called Strike 0-1: Called Strike 0-2: Foul Ball, location: 2F 0-2: Strikes out looking
|
Top of the 7th over - 0 run(s), 0 hit(s), 0 error(s), 1 left on base; Sun Prairie 0 - Myrtle Beach 3 |
BOTTOM OF THE 7TH |
Myrtle Beach Mermen batting - Pitching for Sun Prairie Swallows : LHP Brandon Booth
|
Batting: LHB Yannick Hendriksen
|
0-0: Ball 1-0: Ball 2-0: DOUBLE (Line Drive, 9LM)
|
Batting: RHB José Caballero
|
0-0: Intentional Walk
|
Pitching: RHP Lewis Miller
|
|
Batting: RHB Matt Love
|
0-0: Ball 1-0: Ball 2-0: Swinging Strike 2-1: Bunted foul 2-2: Fly out, F8 (Flyball, 8LM)
|
Batting: SHB Val Brown
|
0-0: Called Strike 0-1: Ball 1-1: Foul Ball, location: 2F 1-2: Ball 2-2: Ball 3-2: Foul Ball, location: 2F 3-2: Grounds into double play, 4-6-3 (Groundball, 4)
|
Bottom of the 7th over - 0 run(s), 1 hit(s), 0 error(s), 1 left on base; Sun Prairie 0 - Myrtle Beach 3 |
TOP OF THE 8TH |
Sun Prairie Swallows batting - Pitching for Myrtle Beach Mermen : RHP Steve Sanders
|
Now at C: Edward Payne
|
|
Batting: RHB António Domínguez
|
0-0: Ball 1-0: DOUBLE (Flyball, 7LS)
|
Pitching: LHP Dusty Muhidini
|
|
Batting: RHB Dan Bernard
|
0-0: Ball 1-0: Swinging Strike 1-1: Called Strike 1-2: SINGLE (Groundball, 13) (infield hit) António Domínguez to third
|
Batting: RHB Barry Welch
|
0-0: Fly out, F9 (Flyball, 9M) Runner from 3rd tags up, SCORES, no throw
|
Batting: RHB Millard Lewis
|
0-0: Ball 1-0: Foul Ball, location: 2F 1-1: SINGLE (Groundball, 34D) Dan Bernard to second Runner from 2nd tries for 3rd, SAFE, throw made to third
|
Pinch Hitting: RHB John Robinson
|
0-0: Ball 1-0: Called Strike 1-1: Called Strike 1-2: Strikes out looking
|
Batting: RHB Dani Espinosa
|
0-0: Foul Ball, location: 2F 0-1: Ball 1-1: Called Strike 1-2: Ball 2-2: Ball 3-2: Strikes out swinging
|
Top of the 8th over - 1 run(s), 3 hit(s), 0 error(s), 2 left on base; Sun Prairie 1 - Myrtle Beach 3 |
BOTTOM OF THE 8TH |
Myrtle Beach Mermen batting - Pitching for Sun Prairie Swallows : RHP Lewis Miller
|
Now at 3B: Jerome Perry
|
|
Batting: RHB Pil-joong Pak
|
0-0: Fly out, F7 (Flyball, 78M)
|
Batting: RHB Brian Soto
|
0-0: Ball 1-0: Fly out, F7 (Flyball, 78M)
|
Batting: RHB Scott Peterson
|
0-0: Ground out 6-3 (Groundball, 6)
|
Bottom of the 8th over - 0 run(s), 0 hit(s), 0 error(s), 0 left on base; Sun Prairie 1 - Myrtle Beach 3 |
TOP OF THE 9TH |
Sun Prairie Swallows batting - Pitching for Myrtle Beach Mermen : LHP Dusty Muhidini
|
Pitching: RHP Kenny Ryan
|
|
Batting: RHB Luis Dávila
|
0-0: Called Strike 0-1: Ball 1-1: SINGLE (Groundball, 6M)
|
Pinch Hitting: LHB Jim Unknown
|
0-0: Ball 1-0: Foul Ball, location: 2F 1-1: Ball 2-1: Ball 3-1: Foul Ball, location: 2F 3-2: Base on Balls Luis Dávila to second
|
Batting: RHB Ernesto Fernández
|
0-0: Ball 1-0: Swinging Strike 1-1: Foul Ball, location: 2F 1-2: Foul Ball, location: 2F 1-2: Strikes out looking
|
Batting: RHB António Domínguez
|
0-0: Ball 1-0: Called Strike 1-1: SINGLE (Flyball, 8RS) Luis Dávila to third Jim Unknown to second Runner from 3rd tries for Home, SAFE, no throw or cutoff
|
Pitching: RHP Manuel Carrión
|
|
Batting: RHB Dan Bernard
|
0-0: SINGLE (Line Drive, 8LS) Jim Unknown to third António Domínguez to second Runner from 3rd tries for Home, SAFE, throw made home António Domínguez to third Dan Bernard to second
|
Batting: RHB Barry Welch
|
0-0: Ground out 6-3 (Groundball, 15)
|
Batting: RHB Millard Lewis
|
0-0: Ball 1-0: Ball 2-0: Fly out, F8 (Flyball, 8RM)
|
Top of the 9th over - 2 run(s), 3 hit(s), 0 error(s), 2 left on base; Sun Prairie 3 - Myrtle Beach 3 |
BOTTOM OF THE 9TH |
Myrtle Beach Mermen batting - Pitching for Sun Prairie Swallows : RHP Lewis Miller
|
Pitching: RHP Iván García
|
|
Now in LF: Jim Unknown
|
|
Pinch Hitting: RHB Álex Rodríguez
|
0-0: Swinging Strike 0-1: Swinging Strike 0-2: Ball 1-2: Strikes out swinging
|
Pinch Hitting: SHB David Vázquez
|
0-0: Foul Ball, location: 2F 0-1: Ground out U3 (Groundball, 3S)
|
Batting: LHB Yannick Hendriksen
|
0-0: Called Strike 0-1: Called Strike 0-2: Ball 1-2: Foul Ball, location: 2F 1-2: SINGLE (Groundball, 34)
|
Pinch Hitting: SHB Avery Little
|
0-0: Foul Ball, location: 2F 0-1: Ball 1-1: Foul Ball, location: 2F 1-2: Fly out, F7 (Flyball, 7M)
|
Bottom of the 9th over - 0 run(s), 1 hit(s), 0 error(s), 1 left on base; Sun Prairie 3 - Myrtle Beach 3 |
TOP OF THE 10TH |
Sun Prairie Swallows batting - Pitching for Myrtle Beach Mermen : RHP Manuel Carrión
|
Now at C: David Vázquez
|
|
Now at 3B: Álex Rodríguez
|
|
Pinch Hitting: RHB Edgar Carrillo
|
0-0: Swinging Strike
|
Now at 3B: Avery Little
|
0-1: Ground out 6-3 (Groundball, 6)
|
Pinch Hitting: LHB Émile Landry
|
0-0: Fly out, F9 (Flyball, 9M)
|
Batting: RHB Luis Dávila
|
0-0: Foul Ball, location: 2F 0-1: SINGLE (Groundball, 6MD)
|
Batting: LHB Jim Unknown
|
0-0: Called Strike 0-1: Ground out 1-3 (Groundball, 15)
|
Top of the 10th over - 0 run(s), 1 hit(s), 0 error(s), 1 left on base; Sun Prairie 3 - Myrtle Beach 3 |
BOTTOM OF THE 10TH |
Myrtle Beach Mermen batting - Pitching for Sun Prairie Swallows : RHP Iván García
|
Now at 2B: Émile Landry
|
|
Now in RF: Chris Law
|
|
Batting: RHB Matt Love
|
0-0: Foul Ball, location: 2F 0-1: Foul Ball, location: 2F 0-2: Ball 1-2: Foul Ball, location: 2F 1-2: Ball 2-2: Ball 3-2: Foul Ball, location: 2F 3-2: Strikes out swinging
|
Pinch Hitting: RHB Pedro González
|
0-0: Called Strike 0-1: Ball 1-1: Called Strike 1-2: Foul Ball, location: 2F 1-2: Ball 2-2: Ball 3-2: Base on Balls
|
Pinch Hitting: RHB Javier Robles
|
0-0: Ball 1-0: Foul Ball, location: 2F 1-1: Swinging Strike 1-2: Strikes out swinging
|
Pinch Hitting: RHB Glenn Salazar
|
0-0: Called Strike 0-1: Swinging Strike 0-2: Ball 1-2: Foul Ball, location: 2F 1-2: Ball 2-2: Ball 3-2: Foul Ball, location: 2F 3-2: Fly out, F9 (Popup, 9LS)
|
Bottom of the 10th over - 0 run(s), 0 hit(s), 0 error(s), 1 left on base; Sun Prairie 3 - Myrtle Beach 3 |
TOP OF THE 11TH |
Sun Prairie Swallows batting - Pitching for Myrtle Beach Mermen : RHP Manuel Carrión
|
Now at 1B: Javier Robles
|
|
Now at SS: Otso Tuulari
|
|
Now in RF: Ray Gray
|
|
Batting: RHB Ernesto Fernández
|
0-0: Ball 1-0: Ball 2-0: Called Strike 2-1: Ball 3-1: Ground out 6-3 (Groundball, 6)
|
Batting: RHB António Domínguez
|
0-0: Called Strike 0-1: Fly out, F7 (Flyball, 7M)
|
Batting: RHB Dan Bernard
|
0-0: Ball 1-0: Called Strike 1-1: Swinging Strike 1-2: Ball 2-2: Strikes out swinging
|
Top of the 11th over - 0 run(s), 0 hit(s), 0 error(s), 0 left on base; Sun Prairie 3 - Myrtle Beach 3 |
BOTTOM OF THE 11TH |
Myrtle Beach Mermen batting - Pitching for Sun Prairie Swallows : RHP Iván García
|
Pitching: RHP Jacob Cox
|
|
Batting: RHB Scott Peterson
|
0-0: Called Strike 0-1: Foul Ball, location: 2F 0-2: Ball 1-2: Ball 2-2: Foul Ball, location: 2F 2-2: Ball 3-2: Base on Balls
|
Batting: RHB Álex Rodríguez
|
0-0: Ball 1-0: Swinging Strike 1-1: Ball 2-1: Foul Ball, location: 2F 2-2: SINGLE (Flyball, 78S) Scott Peterson to second
|
Batting: SHB David Vázquez
|
0-0: Foul Ball, location: 2F 0-1: Ball 1-1: Called Strike 1-2: 3-RUN HOME RUN (Flyball, 8RXD), Distance : 436 ft
|
|